 Dungeon Crawl Stone Soup version 0.26-a0-707-g31817bcca1 (webtiles) character file.

Game seed: 17203326675534485740

835 Sin92 the Chopper (level 7, -7/55 HPs)
             Began as a Demonspawn Fighter on Oct 26, 2020.
             Was a Follower of Okawaru.
             Mangled by an orc warrior
             ... wielding a +0 glaive
              (17 damage)
             ... on level 6 of the Dungeon.
             The game lasted 00:07:37 (4597 turns).

Sin92 the Chopper (Demonspawn Fighter)              Turns: 4597, Time: 00:07:38

Health: -7/55      AC: 11    Str: 19    XL:     7   Next: 66%
Magic:  8/8        EV:  6    Int:  9    God:    Okawaru [*.....]
Gold:   162        SH:  9    Dex: 12    Spells: 6/6 levels left

rFire    . . .     SeeInvis .   a - +1 war axe
rCold    . . .     Faith    .   c - +0 kite shield
rNeg     . . .     Spirit   .   v - +0 chain mail
rPois    .         Reflect  .   (no helmet)
rElec    .         Harm     .   i - +1 cloak
rCorr    .         Rampage  .   (no gloves)
MR       .....                  (no boots)
Stlth    ..........             n - amulet of magic regeneration
HPRegen  0.18/turn              (no ring)
MPRegen  0.36/turn              (no ring)

@: mighty, lethally poisoned (-7 -> -27), flying, invisible
A: claws 1, hooves 2, powered by death 1
a: Heroism, Renounce Religion


You were on level 6 of the Dungeon.
You worshipped Okawaru.
Okawaru was aware of your devotion.
You visited 2 branches of the dungeon, and saw 7 of its levels.

You collected 162 gold pieces.

Inventory:

Hand Weapons
 a - a +1 war axe (weapon)
Armour
 b - a +0 scale mail
 c - a +0 kite shield (worn)
 i - a +1 cloak (worn)
 v - a +0 chain mail (worn)
Jewellery
 n - an amulet of magic regeneration (around neck)
 o - a cursed amulet of guardian spirit {unknown}
 u - a +4 ring of protection {unknown}
Wands
 t - a wand of acid (8)
Scrolls
 e - a scroll of teleportation
 f - 2 scrolls of magic mapping
 j - a scroll of fear {unknown}
 m - a scroll of amnesia
 q - 2 scrolls of enchant weapon
 s - 5 scrolls of identify
Potions
 g - a potion of stabbing {unknown}
 h - 3 potions of flight
 k - 2 potions of brilliance {unknown}
 l - a potion of haste
 p - a potion of resistance
 r - a potion of cancellation
 w - 2 potions of invisibility


   Skills:
 + Level 4.5 Fighting
 * Level 4.7 Axes
 + Level 4.1 Armour
 + Level 2.8 Dodging
 + Level 4.0 Shields
 + Level 2.2 Invocations


You had 6 spell levels left.
You didn't know any spells.
Your spell library was empty.

Dungeon Overview and Level Annotations

Branches:
Dungeon (6/15)             Temple (1/1) D:4

Altars:
Ashenzari
Cheibriados
Dithmenos
Elyvilon
Fedhas
Gozag
Nemelex Xobeh
Okawaru
Ru
Sif Muna
Wu Jian
Xom
Yredelemnul
Zin
The Shining One

Shops:
D:5 *

Annotations:
D:6 Dowan


Innate Abilities, Weirdness & Mutations

You have sharp fingernails.
You regenerate a little health from kills.
You have hoof-like feet.


Message History

Your Invocations skill increases to level 2!
* * * LOW HITPOINT WARNING * * *
You feel very sick.
Dowan gestures wildly while chanting.
Dowan blinks!
The orc warrior hits you but does no damage.
The orc hits you but does no damage.
It was a potion of flight.
You feel very buoyant.
You fly up into the air.
* * * LOW HITPOINT WARNING * * *
You feel sick. You block the orc warrior's attack.
It was a potion of invisibility.
You fade into invisibility!
* * * LOW HITPOINT WARNING * * *
You feel sick. The orc hits you but does no damage.
The orc priest hits you with a +0 vorpal flail.
* * * LOW HITPOINT WARNING * * *
x2 The orc warrior hits you from afar with a +0 glaive!
You die...

.........# .#
......#### ##.##.=
?.. ###....##
#.....#....
#.#...##
##..##.#....
#.#.#..##........$.
#.#.##...##...#...
#.#.####.##..#..#
....# #....o#o#
##### ####.oo@#
#.......e###
#........#
#........#
#........#
#........#
#........#
##########


You could see an orc warrior, Dowan (fast), an orc priest and 2 orcs.

Vanquished Creatures
  Sigmund (D:3)
  Duvessa (D:6)
  An ice beast (D:5)
  2 bullfrogs (D:6)
  A howler monkey (D:4)
  A hound (D:5)
  An orc priest (D:4)
  2 iguanas (D:4)
  2 orc wizards (D:4)
  A worker ant (D:4)
  A gnoll (D:3)
  4 adders
  An ufetubus (D:5)
  An ooze (D:1)
  An adder zombie (D:5)
  3 worms
  A dart slug (D:1)
  5 orcs (D:4)
  4 bats
  5 giant cockroaches
  5 goblins
  6 hobgoblins
  4 jackals (D:3)
  8 kobolds
  5 frilled lizards
  A jackal skeleton (D:5)
  6 rats
74 creatures vanquished.

Notes
Turn   | Place    | Note
-------+----------+-------------------------------------------
     0 | D:1      | Sin92 the Demonspawn Fighter began the quest for the Orb.
     0 | D:1      | Reached XP level 1. HP: 18/18 MP: 1/1
   193 | D:1      | Gained mutation: You have sharp fingernails. [demonic
                  | ancestry]
   193 | D:1      | Reached XP level 2. HP: 24/24 MP: 2/2
   661 | D:1      | Reached XP level 3. HP: 29/29 MP: 3/3
   703 | D:1      | Found a glowing golden altar of the Shining One.
   986 | D:2      | Reached skill level 1 in Dodging
  1223 | D:2      | Found a faded altar of an unknown god.
  1907 | D:3      | Gained mutation: You regenerate a little health from kills.
                  | [demonic ancestry]
  1907 | D:3      | Reached XP level 4. HP: 35/35 MP: 4/4
  2093 | D:3      | Noticed Sigmund
  2102 | D:3      | Gained mutation: You have large cloven feet. [potion of
                  | mutation]
  2102 | D:3      | Gained mutation: You have hoof-like feet. [potion of
                  | mutation]
  2120 | D:3      | Killed Sigmund
  2120 | D:3      | Reached XP level 5. HP: 23/42 MP: 5/5
  2314 | D:3      | Found a shimmering altar of Xom.
  2461 | D:4      | Reached XP level 6. HP: 44/48 MP: 6/6
  2619 | D:4      | Found a staircase to the Ecumenical Temple.
  2730 | D:4      | Found a shadowy altar of Dithmenos.
  2926 | Temple   | Entered the Ecumenical Temple
  2964 | Temple   | Became a worshipper of Warmaster Okawaru
  3696 | D:5      | Entered Level 5 of the Dungeon
  3712 | D:5      | Found Ygedeps's General Store.
  3740 | D:5      | Noticed an ice beast
  3748 | D:5      | Killed an ice beast
  3748 | D:5      | Reached skill level 1 in Invocations
  3748 | D:5      | Reached XP level 7. HP: 54/54 MP: 7/7
  4583 | D:6      | Noticed Duvessa
  4583 | D:6      | Noticed Dowan
  4595 | D:6      | Killed Duvessa
  4595 | D:6      | Reached * piety under Okawaru
  4597 | D:6      | Mangled by an orc warrior

Illustrated notes

Levels and vault maps discovered:
D:1:      lightli_arrival_statue_moat, layout_basic, dk_noncrumbling_3,
          tso_altar
D:2:      layout_loops_ring, chequers_ecumenical_altar_simple
D:3:      layout_basic, tgw_xom, uniq_sigmund
D:4:      layout_layer_cave, temple_fountains, minivault_19,
          grunt_dithmenos_smoke
D:5:      layout_basic, serial_shops, shop
D:6:      layout_rooms, uniq_duvessa
Temple:   grunt_wide_crystal_templ

Skill      XL: |  1  2  3  4  5  6  7 |
---------------+----------------------+-----
Axes           | 2 3 4 |  4.7
Dodging        | 1 2 |  2.8
Armour         | 3 4 |  4.1
Shields        | 3 4 |  4.0
Fighting       | 4 |  4.5
Invocations    | 1 2 |  2.2

Action                   |  1- 3 |  4- 6 |  7- 9 || total
-------------------------+-------+-------+-------++-------
Melee: War axe           |   115 |    86 |    37 ||   238
       Kick              |       |    20 |    14 ||    34
  Use: Potion            |       |     3 |     3 ||     6
       Scroll            |       |     8 |       ||     8
Armor: Scale mail        |    48 |    32 |     8 ||    88
       Chain mail        |       |       |    13 ||    13
Dodge: Dodged            |    40 |    15 |    17 ||    72
Block: Kite shield       |    52 |    36 |    27 ||   115

Table legend: (Time is in decaauts)
 A = Elapsed time spent in this place.
 B = Non-inter-level travel time spent in this place.
 C = Inter-level travel time spent in this place.
 D = Time resting spent in this place.
 E = Time spent auto-exploring this place.
 F = Levels seen in this place.
 G = Mean time per level.
                   A        B        C        D        E       F      G
               +--------+--------+--------+--------+--------+-----+--------+
         Total |   4682 |   4500 |    182 |      0 |   3785 |   7 |  668.9 |
       Dungeon |   4634 |   4460 |    174 |      0 |   3757 |   6 |  772.3 |
        Temple |     47 |     39 |      8 |      0 |     28 |   1 |   47.0 |
               +--------+--------+--------+--------+--------+-----+--------+

Top non-repeatable levels by time:
     D:4: 1217 daAuts
     D:1: 989 daAuts
     D:3: 911 daAuts
     D:5: 838 daAuts
     D:2: 599 daAuts
     D:6: 77 daAuts
  Temple: 47 daAuts
